 Dungeon Crawl Stone Soup version 0.30-a0-778-g2ef04afb54 (webtiles) character file.

Game seed: 13188074826466526172

39 Pimp the Trooper (level 3, 0/31 HPs)
             Began as a Draconian Berserker on Feb 15, 2023.
             Was a Follower of Trog.
             Slain by Crazy Yiuf
             ... wielding a +4 quarterstaff of chaos
              (1 damage)
             ... on level 2 of the Dungeon.
             The game lasted 00:02:03 (1448 turns).

Pimp the Trooper (Draconian Berserker)              Turns: 1448, Time: 00:02:03

Health: 0/31       AC:  5    Str: 20 (21) XL:     3   Next: 26%
Magic:  3/3        EV: 12    Int:  4 (7)  God:    Trog [*.....]
Gold:   101        SH:  0    Dex:  9 (10) Spells: 2/2 levels left

rFire   . . .      SeeInvis .    c - +0 short sword (venom)
rCold   . . .      Faith    .    (no shield)
rNeg    . . .      Spirit   .    (body armour unavailable)
rPois   .          Reflect  .    (helmet restricted)
rElec   .          Harm     .    (no cloak)
rCorr   .          Rampage  .    (no gloves)
Will    .....                    (no boots)
Stlth   +                        (no amulet)
HPRegen 0.25/turn                (no ring)
MPRegen 0.08/turn                (no ring)

@: no status effects
A: AC +5, unfitting armour, cold-blooded
a: Renounce Religion, Berserk


You were on level 2 of the Dungeon.
You worshipped Trog.
Trog was aware of your devotion.
You visited 1 branch of the dungeon, and saw 2 of its levels.

You collected 101 gold pieces.

Inventory:

Hand Weapons
 a - a +0 falchion
 c - a +0 short sword of venom (weapon)
Scrolls
 d - a scroll of enchant armour {unknown}
 e - 2 scrolls of identify {unknown}
 f - 3 scrolls of fog {unknown}
 g - a scroll of summoning {unknown}
 i - a scroll of fear {unknown}
 j - a scroll of teleportation {unknown}
 k - a scroll of vulnerability {unknown}
 l - a scroll of brand weapon {unknown}
Potions
 b - a potion of haste {unknown}
 h - 4 potions of curing {unknown}


   Skills:
 + Level 3.6 Fighting
 + Level 0.8(2.2) Short Blades
 + Level 3.2(3.3) Long Blades
 + Level 3.3 Dodging


You had 2 spell levels left.
You didn't know any spells.
Your spell library was empty.

Dungeon Overview and Level Annotations

Branches:
Dungeon (2/15)

Altars:
Elyvilon

Annotations:
D:2 Crazy Yiuf


Innate Abilities, Weirdness & Mutations

Your plain brown scales are hard. (AC +5)
You cannot fit into any form of body armour.
You are cold-blooded and may be slowed by cold attacks.


Message History

There is an open door here.
There is an open door here.
There is an open door here.
There is an open door here.
There is an open door here.
You see here a frilled lizard corpse.
You see here 9 stones.
Things that are here:
a +0 dagger; a kobold corpse You see here 3 stones.
There is a stone staircase leading down here.
There is a stone staircase leading down here.
You see here 3 stones.
You see here a hobgoblin corpse.
There is an open door here.
There is a stone staircase leading down here.
You now have 101 gold pieces (gained 17).
As you open the door, it creaks loudly!
There is an open door here.
You see here a +2 hammer of draining.
Found three hammers.
Found a runed translucent door.
Crazy Yiuf shouts!
You see here a +0 hammer.
Found a hammer.
You open the door. You hit Crazy Yiuf.
Crazy Yiuf is poisoned.
Your tail-slap misses Crazy Yiuf.
Crazy Yiuf is lightly wounded.
Crazy Yiuf hits you with a +4 quarterstaff of chaos!
Crazy Yiuf burns you.
You hit Crazy Yiuf.
Crazy Yiuf looks as sick as possible!
Crazy Yiuf is lightly wounded.
Crazy Yiuf hits you with a +4 quarterstaff of chaos.
Crazy Yiuf burns you.
You barely miss Crazy Yiuf.
Crazy Yiuf is moderately wounded.
Crazy Yiuf hits you with a +4 quarterstaff of chaos!
* * * LOW HITPOINT WARNING * * *
Crazy Yiuf attacks as you move away!
Crazy Yiuf hits you with a +4 quarterstaff of chaos.
You die...

.# #.# #.# #.# ########.#
### ### ###.#)...#.# #.#
#)..##@)#.......# #.#
#...'g####......## #.#
#).)### ##......###### #.#
### ####......... #.#
########## #.# #.........
#.################...######
#.>(.........†'......'.##
#.#.####.######......#..#


You could see Crazy Yiuf (extremely poisoned).

Vanquished Creatures
  An adder (D:2)
  A dart slug (D:2)
  3 giant cockroaches
  6 goblins (D:1)
  2 hobgoblins
  3 jackals (D:2)
  A kobold (D:2)
  2 ball pythons (D:2)
  2 bats (D:2)
  3 frilled lizards (D:2)
  2 rats
26 creatures vanquished.

Notes
Turn   | Place    | Note
-------+----------+-------------------------------------------
     0 | D:1      | Pimp the Draconian Berserker began the quest for the Orb.
     0 | D:1      | Reached XP level 1. HP: 19/19 MP: 1/1
   500 | D:1      | Reached XP level 2. HP: 26/26 MP: 2/2
   986 | D:2      | Reached XP level 3. HP: 13/31 MP: 3/3
  1084 | D:2      | Found a white marble altar of Elyvilon.
  1439 | D:2      | Found a runed translucent door.
  1440 | D:2      | Noticed Crazy Yiuf
  1446 | D:2      | HP: 1/31 [Crazy Yiuf/+4 quarterstaff of chaos (10)]
  1448 | D:2      | Slain by Crazy Yiuf

Illustrated notes

Levels and vault maps discovered:
D:1:      lightli_arrival_maybe_door_vault, layout_loops_corners
D:2:      layout_basic, basic_altar, uniq_crazy_yiuf_cottage

Skill      XL: |  1 |
---------------+----+-----
Dodging        | 3 |  3.3
Fighting       | |  3.6
Short Blades   | |  0.8
Long Blades    | |  3.2

Action                     || total
---------------------------++-------
  Melee: Short sword       ||    74
         Tailslap          ||     7
         Falchion          ||     2
         Punch             ||     1
    Use: Potion            ||     4
   Stab: Sleeping          ||     1
 Armour: Skin              ||    19
  Dodge: Dodged            ||    66

Table legend: (Time is in decaauts)
 A = Elapsed time spent in this place.
 B = Non-inter-level travel time spent in this place.
 C = Inter-level travel time spent in this place.
 D = Time resting spent in this place.
 E = Time spent auto-exploring this place.
 F = Levels seen in this place.
 G = Mean time per level.
                   A        B        C        D        E       F      G
               +--------+--------+--------+--------+--------+-----+--------+
         Total |   1440 |   1418 |     22 |      0 |   1189 |   2 |  720.0 |
       Dungeon |   1440 |   1418 |     22 |      0 |   1189 |   2 |  720.0 |
               +--------+--------+--------+--------+--------+-----+--------+

Top non-repeatable levels by time:
     D:1: 791 daAuts
     D:2: 648 daAuts
